013, lawful female dwarven Valkyrie ------- -------- # # |.<...-##########################|......| -.-.-- |.....| #|......| ###|..^.| |.....| ##.......| `###|...^| |......## # ------.- ## #.....| |.....| # ------------- ### # # |....| ----.-- ### |...........| # # # |....| ## # |............#### # # #-....| # ###|...........| ### #########---.-- ### #............| # # # # # ------------- ### ### ### # # # # # # # #####################`##@## # --.-- #-.-----------###`#######`########### |...| #|...........|# ### -.-.-- |...| #|...........-# # |....| |...-#############################|>.....^....|### |....| ----- |...........-# |....| ------------- ------ 013 the Skirmisher Experience level: 4 Strength: 18/02 Dexterity: 16 Constitution: 15 Intelligence: 9 Wisdom: 8 Charisma: 8 Health: 41(41) Energy: 3(3) Def: 5 Gold: 319 Moves: 1833 Dungeon seed: SAVMVzHNZre6y-JR Game ID: 013_1587262702 Your Inventory: Coins $ - 319 gold pieces Weapons a - a rusty +1 long sword (weapon in hand) b - a +0 dagger (in quiver) i - 10 +0 darts l - a +0 sling o - a +0 scimitar p - a +0 arrow Armor e - an uncursed +3 small shield (being worn) r - an uncursed +0 orcish helm (being worn) Comestibles c - an uncursed food ration f - an uncursed slime mold h - an uncursed fortune cookie Scrolls x - a cursed scroll of genocide Potions w - a cursed potion of see invisible z - a cursed potion of paralysis Tools d - an uncursed oil lamp (0:904) m - an uncursed tin whistle u - an uncursed sack Gems n - 8 uncursed rocks q - an uncursed worthless piece of yellow glass Contents of the sack: an uncursed worthless piece of yellow glass Spells and supernatural/magical abilities: Name Level Category Fail Memory W - pray for help -- divine ? -- Your skills at the end: Fighting Skills Weapon Skills dagger [Basic] long sword [Basic] Spellcasting Skills Final Attributes: You were piously aligned. You were cold resistant. You had infravision. You were stealthy. You survived. Vanquished creatures: a ghost a giant bat a hobbit a hobgoblin 2 cave spiders a gnome 2 garter snakes a gecko 3 jackals a kobold 2 goblins 9 grid bugs 3 lichens 4 newts 32 creatures vanquished. Voluntary challenges: You were an atheist. You used a wielded weapon 28 times, starting on turn 3. You read items or engraved 1 time, starting on turn 834. You never genocided any monsters. You never polymorphed an object. You never changed form. You used no wishes. You never split a pudding. You never wrote Elbereth's name. You never violated your personal moral code. Dungeon overview: The Dungeons of Doom: levels 1 to 2 Level 1 a fountain, a sink a long staircase Level 2 <- You were here stairs to The Gnomish Mines The Gnomish Mines: levels 3 to 4 Level 3 stairs to The Dungeons of Doom Level 4 History has recorded: On T:1 you entered the Dungeons of Doom to retrieve the Amulet of Yendor! On T:147 you reached level 2 of The Dungeons of Doom. On T:950 you reached level 1 of The Gnomish Mines. On T:951 you advanced to experience level 2. On T:1072 you reached level 2 of The Gnomish Mines. On T:1105 you advanced to experience level 3. On T:1530 you advanced to experience level 4. Score breakdown: Gold: 319 ( 8521 points) Experience: 4 levels ( 9649 points) Exploration: 4 levels ( 8.70%) ( 7745 points) Discoveries: 3 items ( 1.22%) ( 3319 points) Valuables value: (no points given unless you survive) Artifact value: 0 ( 0 points) Variety of kills: 14 monsters ( 3.67%) ( 5750 points) Turncount: 1833 turns ( 0 points) Survival: quit (score multiplied by 90%) Total score: 31485 Latest messages: There are many more objects here. You hear crashing rock. A bear trap closes on your foot! You are caught in a bear trap. You are beginning to feel hungry. You are caught in a bear trap. This lichen corpse tastes terrible! You finish eating the lichen corpse. You are caught in a bear trap. You kill the lichen! The garter snake bites! (3x) You kill the garter snake! (2x) Nowhere else around here can be automatically explored. You kill the jackal! You see here a jackal corpse. You are beginning to feel hungry. You see here a jackal corpse. Blecch! Rotten food! You finish eating the jackal corpse. Final status: Farvel 013 the Valkyrie, quit... You quit in The Dungeons of Doom on dungeon level 2 with 31485 points, and 319 pieces of gold, after 1833 moves. You were level 4 with a maximum of 41 hit points when you quit.